 Dungeon Crawl Stone Soup version 0.27-a0-1101-ge311f74bc8 (webtiles) character file.

Game seed: 1498409154651878618

1135 funkygono the Firebug (level 8, -5/42 HPs)
             Began as a Gargoyle Fire Elementalist on Apr 28, 2021.
             Slain by a troll (8 damage)
             ... on level 4 of the Dungeon.
             The game lasted 00:11:24 (5456 turns).

funkygono the Firebug (Gargoyle Fire Elementalist)  Turns: 5456, Time: 00:11:24

Health: -5/42      AC:  8    Str: 12    XL:     8   Next: 36%
Magic:  8/24       EV: 12    Int: 18    God:
Gold:   205        SH:  0    Dex: 10    Spells: 9/17 levels left

rFire    . . .     SeeInvis .   j - +3 dagger (speed)
rCold    . . .     Faith    .   (no shield)
rNeg     + . .     Spirit   .   a - +0 robe
rPois    ∞         Reflect  .   (no helmet)
rElec    +         Harm     .   (no cloak)
rCorr    .         Rampage  .   r - +0 pair of gloves
Will     .....                  (no boots)
Stlth    ++........             (no amulet)
HPRegen  0.14/turn              k - ring of magical power
MPRegen  0.19/turn              (no ring)

@: very slightly contaminated
A: AC +5, negative energy resistance 1, electricity resistance, torment
resistance 1, unbreathing 1, petrification resistance
a: no special abilities


You were on level 4 of the Dungeon.
You visited 1 branch of the dungeon, and saw 4 of its levels.

You collected 205 gold pieces.

Inventory:

Hand Weapons
 j - a +3 dagger of speed (weapon)
 q - a +0 falchion
Missiles
 g - 198 stones
Armour
 a - a +0 robe (worn)
 e - a +0 scale mail of fire resistance
 i - a +0 ring mail
 r - a +0 pair of gloves (worn)
Jewellery
 k - a ring of magical power (left hand)
Wands
 l - a wand of mindburst (9)
 m - a wand of iceblast (10)
 o - a wand of flame (21)
Scrolls
 n - a scroll of identify
Potions
 b - 2 potions of curing
 c - a potion of magic
 d - 3 potions of brilliance
 f - a potion of invisibility
 h - a potion of lignification


   Skills:
 + Level 0.8 Fighting
 + Level 1.7 Short Blades
 + Level 1.9 Dodging
 - Level 2.1 Stealth
 * Level 5.3 Spellcasting
 * Level 5.1 Conjurations
 * Level 6.4 Fire Magic


You had 9 spell levels left.
You knew the following spells:

 Your Spells              Type           Power      Damage    Failure   Level
a - Foxfire               Conj/Fire      100%       2x1d9     1%          1
b - Conjure Flame         Conj/Fire      25%        6-21      3%          3
c - Sticky Flame          Conj/Fire      25%        2d5       12%         4

Your spell library contained the following spells:

 Spells                   Type           Power      Damage    Failure   Level
 Magic Dart               Conj           92%        1d7       1%          1
 Inner Flame              Hex/Fire       16%        N/A       11%         3
 Animate Skeleton         Necr           8%         N/A       13%         1
 Apportation              Tloc           8%         N/A       13%         1
 Corona                   Hex            4%         N/A       13%         1
 Sandblast                Erth           8%         2d5       13%         1
 Summon Small Mammal      Summ           16%        N/A       13%         1
 Stone Arrow              Conj/Erth      28%        3d8       14%         3
 Mephitic Cloud           Conj/Pois/Air  10%        N/A       19%         3
 Blink                    Tloc           N/A        N/A       21%         2
 Call Imp                 Summ           4%         N/A       21%         2
 Passwall                 Tmut/Erth      3%         N/A       21%         2
 Slow                     Hex            4%         N/A       21%         2
 Fireball                 Conj/Fire      12%        3d7       32%         5
 Confusing Touch          Hex            4%         N/A       36%         3
 Gell's Gravitas          Tloc           2%         N/A       36%         3
 Petrify                  Tmut/Erth      4%         N/A       78%         4
 Summon Lightning Spire   Summ/Air       4%         N/A       78%         4
 Lee's Rapid Deconstruct  Erth           2%         3d5*      98%         5
 Metabolic Englaciation   Hex/Ice        2%         N/A       98%         5
 Silence                  Hex/Air        2%         N/A       98%         5
 Yara's Violent Unravell  Hex/Tmut       2%         3d3       98%         5
 Conjure Ball Lightning   Conj/Air       7%         3x3d6     100%        6
 Tornado                  Air            2%         N/A       100%        9


Dungeon Overview and Level Annotations

Branches:
Dungeon (4/15)
 Temple: D:4-7

Altars:
Okawaru
The Shining One

Annotations:
D:4 2 runed translucent doors


Innate Abilities, Weirdness & Mutations

Your stone body is resilient. (AC +5)
You are immune to poison.
You resist negative energy. (rN+)
You are resistant to electric shocks. (rElec)
You are resistant to unholy torment.
You can survive without breathing.
You are immune to petrification.


Message History

* * * LOW HITPOINT WARNING * * *
Casting: Sticky Flame (quite dangerous; 12% risk of failure)
Confirm with . or Enter, or press ? or * to list all spells.
You don't know that spell.
The water moccasin skeleton burns!
The water moccasin skeleton burns!
The water moccasin skeleton burns!
You feel better.
The water moccasin skeleton burns!
You destroy the water moccasin skeleton!
The troll bites you but does no damage. The troll barely misses you.
The troll claws you.
* * * LOW HITPOINT WARNING * * *
Casting: Sticky Flame (quite dangerous; 12% risk of failure)
Confirm with . or Enter, or press ? or * to list all spells.
The spell is quite dangerous to cast (12% risk of failure)!
Continue anyway?
Aiming: Sticky Flame (quite dangerous; 12% risk of failure)
Press: ? - help, Shift-Dir - straight line, f/p - troll
Aim: a troll (100% to hit)
The sticky flame hits the troll.
The troll is lightly wounded.
The troll is covered in liquid flames!
The troll burns!
The troll bites you but does no damage. The troll closely misses you.
The troll claws you but does no damage.
The troll burns!
The troll burns!
The troll burns!
The troll stops burning.
Your magical contamination has completely faded away.
You feel your willpower return.
Casting: Sticky Flame (quite dangerous; 12% risk of failure)
Confirm with . or Enter, or press ? or * to list all spells.
The spell is quite dangerous to cast (12% risk of failure)!
Continue anyway?
Aiming: Sticky Flame (quite dangerous; 12% risk of failure)
Press: ? - help, Shift-Dir - straight line, f/p - troll
Aim: a troll (lightly wounded, 100% to hit)
You miscast Sticky Flame.
You are very lightly contaminated with residual magic.
Sparks fly from your hands.
* * * LOW HITPOINT WARNING * * *
The troll bites you!
You die...

############ #.#######.#..
...........# #.≈≈≈≈≈≈≈...#
#.########.## #.#######...#
#........#..# ####.#.....#...#
########.#(.## #....###)###...#
#........#...#####......#.#.....#
#.########.#...##..>....#.#.....#
#........#.>##..#................
########.#....#.@T...............
#........#.#....#..........#..###
#.########.#....#......#....#..#
...).......#....#..............##
..####.#.###....#.......#..##...#
..# #...# #....#......#....##...
..######.###....###...##.#.......
.................................
########.########################


You could see a troll.

Vanquished Creatures
  Pikel (D:4)
  A necrophage (D:4)
  A centaur (D:4)
  A phantom (D:2)
  A lemure (D:4)
  A bullfrog (D:4)
  A killer bee (D:4)
  A water moccasin skeleton (D:4)
  A centaur skeleton (D:4)
  2 iguanas (D:4)
  An orc wizard (D:4)
  A hound skeleton (D:4)
  An adder (D:3)
  A shadow imp (D:2)
  An ufetubus (D:4)
  An adder skeleton (D:4)
  3 worms
  5 dart slugs
  3 orcs (D:4)
  4 ball pythons
  9 endoplasms
  6 giant cockroaches
  12 goblins
  6 hobgoblins
  15 jackals
  13 kobolds
  5 quokkas
  5 bats
  3 frilled lizards
  5 rats
111 creatures vanquished.

Vanquished Creatures (others)
  323 foxfires
323 creatures vanquished.

Grand Total: 434 creatures vanquished

Notes
Turn   | Place    | Note
-------+----------+-------------------------------------------
     0 | D:1      | funkygono the Gargoyle Fire Elementalist began the quest
                  | for the Orb.
     0 | D:1      | Reached XP level 1. HP: 10/10 MP: 3/3
   218 | D:1      | Reached XP level 2. HP: 15/15 MP: 1/5
   451 | D:1      | Found a faded altar of an unknown god.
  1002 | D:1      | Reached XP level 3. HP: 19/19 MP: 2/6
  1107 | D:1      | Learned a level 3 spell: Conjure Flame
  1358 | D:2      | Reached skill level 4 in Fire Magic
  1871 | D:2      | Reached XP level 4. HP: 23/24 MP: 1/7
  1963 | D:2      | Learned a level 4 spell: Sticky Flame
  2175 | D:2      | Noticed a phantom
  2187 | D:2      | Killed a phantom
  2188 | D:2      | Reached XP level 5. HP: 27/28 MP: 1/9
  3052 | D:3      | Found a glowing golden altar of the Shining One.
  3052 | D:3      | Found an iron altar of Okawaru.
  3697 | D:4      | Reached XP level 6. HP: 25/32 MP: 11/11
  3846 | D:4      | Found a large runed translucent door.
  3846 | D:4      | Found a large runed translucent door.
  3847 | D:4      | Noticed a troll
  3848 | D:4      | Found a large runed translucent door.
  3848 | D:4      | Found a large runed translucent door.
  3855 | D:4      | Noticed Pikel
  3914 | D:4      | Killed Pikel
  3915 | D:4      | Reached skill level 5 in Fire Magic
  3915 | D:4      | Reached XP level 7. HP: 11/37 MP: 9/13
  4544 | D:4      | Reached skill level 6 in Fire Magic
  4823 | D:4      | Reached skill level 5 in Spellcasting
  4823 | D:4      | Reached XP level 8. HP: 42/42 MP: 15/15
  5251 | D:4      | Reached skill level 1 in Short Blades
  5433 | D:4      | Reached skill level 5 in Conjurations
  5456 | D:4      | Slain by a troll

Illustrated notes

Levels and vault maps discovered:
D:1:      minmay_arrival_widening_spiral_wide, layout_loops_cross,
          hellmonk_ecumenical_altar_zigzags
D:2:      layout_loops_ring, minmay_worlds_worst_comb
D:3:      layout_loops_cross, minitemple, grunt_ministairs_7
D:4:      minmay_door_path, layout_rooms, serial_rivers,
          chequers_serial_rivers_room_b, chequers_serial_rivers_room_b,
          chequers_serial_rivers_room_b, chequers_serial_rivers_micro_c,
          minivault_27, hangedman_decor_push, grunt_decor_cap,
          minmay_hollow_rounded_squares, uniq_pikel

Skill      XL: |  1  2  3  4  5  6  7  8 |
---------------+-------------------------+-----
Fire Magic     | 4 5 6 |  6.4
Spellcasting   | 3 4 5 |  5.3
Conjurations   | 2 4 5 |  5.1
Short Blades   | 1 |  1.7
Fighting       | |  0.8
Dodging        | |  1.9
Stealth        | |  2.1

Action                   |  1- 3 |  4- 6 |  7- 9 || total
-------------------------+-------+-------+-------++-------
Melee: Short sword       |     3 |       |       ||     3
       Dagger            |    16 |    21 |    21 ||    58
 Cast: Foxfire           |    62 |    93 |    39 ||   194
       Sticky Flame      |       |     2 |     9 ||    11
  Use: Scroll            |     1 |     3 |     4 ||     8
       Potion            |       |       |     1 ||     1
Armor: Robe              |    10 |    21 |    10 ||    41
Dodge: Dodged            |    27 |    34 |    13 ||    74

Table legend: (Time is in decaauts)
 A = Elapsed time spent in this place.
 B = Non-inter-level travel time spent in this place.
 C = Inter-level travel time spent in this place.
 D = Time resting spent in this place.
 E = Time spent auto-exploring this place.
 F = Levels seen in this place.
 G = Mean time per level.
                   A        B        C        D        E       F      G
               +--------+--------+--------+--------+--------+-----+--------+
         Total |   5441 |   5366 |     75 |      0 |   4575 |   4 | 1360.2 |
       Dungeon |   5441 |   5366 |     75 |      0 |   4575 |   4 | 1360.2 |
               +--------+--------+--------+--------+--------+-----+--------+

Top non-repeatable levels by time:
     D:4: 1915 daAuts
     D:2: 1394 daAuts
     D:1: 1163 daAuts
     D:3: 968 daAuts
